PBL
WINDY CITY THUNDERBOLTS @ YORK REVOLUTION
08/05/2048
 
TOP OF THE 1ST
Windy City ThunderBolts batting - Pitching for York Revolution : RHP Joe Morse
Pitching: RHP Joe Morse
Batting: RHB Joe Thomas 0-0: Ball
1-0: Swinging Strike
1-1: SOLO HOME RUN (Flyball, 78XD, EV 99.4 MPH), Distance : 395 ft
Batting: RHB Eddie Dimas 0-0: Ball
1-0: Ball
2-0: Called Strike
2-1: DOUBLE (Groundball, 3L, EV 96.2 MPH)
Batting: SHB Danny Gallegos 0-0: Ball
1-0: TRIPLE (Groundball, 3L, EV 94.4 MPH)
Eddie Dimas scores
Batting: RHB Kaoru Hamada 0-0: Swinging Strike
0-1: Foul Ball, location: 2F
0-2: Ball
1-2: Strikes out swinging
Batting: RHB Paul Holland 0-0: Ground out 6-3 (Groundball, 6, EV 90.6 MPH)
Danny Gallegos scores
Batting: RHB Miguel Pacheco 0-0: Called Strike
0-1: Ball
1-1: Foul Ball, location: 2F
1-2: Ball
2-2: Ball
3-2: Fly out, F8 (Line Drive, 8RD, EV 88.8 MPH)
Top of the 1st over - 3 runs, 3 hits, 0 errors, 0 left on base; Windy City 3 - York 0
BOTTOM OF THE 1ST
York Revolution batting - Pitching for Windy City ThunderBolts : RHP Chang-wei Quian
Pitching: RHP Chang-wei Quian
Batting: LHB Jean-Claude Vanbiesbrouck 0-0: Ball
1-0: Swinging Strike
1-1: SOLO HOME RUN (Flyball, 8LXD, EV 115.0 MPH), Distance : 443 ft
Batting: LHB Ryan Young 0-0: Ball
1-0: Swinging Strike
1-1: Swinging Strike
1-2: Ball
2-2: Strikes out swinging
Batting: LHB Mike Hawk 0-0: Ball
1-0: Foul Ball, location: 2F
1-1: Fly out, F8 (Flyball, 8RD, EV 103.1 MPH)
Batting: LHB Jason Duda 0-0: Called Strike
0-1: Called Strike
0-2: Strikes out swinging
Bottom of the 1st over - 1 run, 1 hit, 0 errors, 0 left on base; Windy City 3 - York 1
TOP OF THE 2ND
Windy City ThunderBolts batting - Pitching for York Revolution : RHP Joe Morse
Batting: RHB Dave Dominguez 0-0: Fly out, F3 (Popup, 34, EV 78.1 MPH)
Batting: RHB Klaus Brown 0-0: Ball
1-0: Called Strike
1-1: DOUBLE (Line Drive, 9LM, EV 107.5 MPH)
Batting: RHB Sim Damit 0-0: Called Strike
0-1: Swinging Strike
0-2: Strikes out looking
Batting: RHB Joe Thomas 0-0: Ball
1-0: Fly out, F8 (Line Drive, 8RD, EV 93.8 MPH)
Top of the 2nd over - 0 runs, 1 hit, 0 errors, 1 left on base; Windy City 3 - York 1
BOTTOM OF THE 2ND
York Revolution batting - Pitching for Windy City ThunderBolts : RHP Chang-wei Quian
Batting: RHB Juan Gonzalez 0-0: Ball
1-0: Ball
2-0: SINGLE (Groundball, 5D, EV 94.4 MPH)
Batting: RHB Nick Maxwell 0-0: Called Strike
0-1: Ball
1-1: Ball
2-1: Called Strike
2-2: Foul Ball, location: 2F
2-2: 2-RUN HOME RUN (Flyball, 78XD, EV 100.6 MPH), Distance : 390 ft
Batting: RHB Teh-huai Jiang 0-0: Ball
1-0: Ball
2-0: Ball
3-0: Base on Balls
Batting: LHB Quincy Smart 0-0: Ball
1-0: Called Strike
1-1: Ball
2-1: SINGLE (Flyball, 5D, EV 96.9 MPH)
Teh-huai Jiang to second
Batting: RHB Dan Shaffer 0-0: Ball
1-0: Fly out, F9 (Line Drive, 9D, EV 91.9 MPH)
Runner from 2nd tags up, SAFE at 3rd, no throw by RF
Batting: LHB Jean-Claude Vanbiesbrouck 0-0: Ball
1-0: Foul Ball, location: 2F
1-1: Swinging Strike
1-2: Ball
2-2: Foul Ball, location: 2F
2-2: Fielders Choice at 2nd, 1-6 (Groundball, 13S, EV 61.2 MPH)
Batting: LHB Ryan Young 0-0: Ball
1-0: Called Strike
1-1: Ball
2-1: Ball
3-1: Base on Balls
Jean-Claude Vanbiesbrouck to second
Batting: LHB Mike Hawk 0-0: Ground out 3-1 (Groundball, 34, EV 82.5 MPH)
Bottom of the 2nd over - 2 runs, 3 hits, 0 errors, 3 left on base; Windy City 3 - York 3
TOP OF THE 3RD
Windy City ThunderBolts batting - Pitching for York Revolution : RHP Joe Morse
Batting: RHB Eddie Dimas 0-0: Foul Ball, location: 2F
0-1: Called Strike
0-2: Strikes out swinging
Batting: SHB Danny Gallegos 0-0: Ground out U3 (Groundball, 3, EV 85.0 MPH)
Batting: RHB Kaoru Hamada 0-0: Swinging Strike
0-1: Foul Ball, location: 2F
0-2: Ball
1-2: Ball
2-2: Foul Ball, location: 2F
2-2: Foul Ball, location: 2F
2-2: Foul Ball, location: 2F
2-2: Ball
3-2: Strikes out swinging
Top of the 3rd over - 0 runs, 0 hits, 0 errors, 0 left on base; Windy City 3 - York 3
BOTTOM OF THE 3RD
York Revolution batting - Pitching for Windy City ThunderBolts : RHP Chang-wei Quian
Batting: LHB Jason Duda 0-0: Ball
1-0: Ball
2-0: Ball
3-0: Called Strike
3-1: Base on Balls
Batting: RHB Juan Gonzalez 0-0: Ball
1-0: Foul Ball, location: 2F
1-1: 2-RUN HOME RUN (Flyball, 7D, EV 94.4 MPH), Distance : 359 ft
Batting: RHB Nick Maxwell 0-0: Swinging Strike
0-1: Foul Ball, location: 2F
0-2: Strikes out swinging
Batting: RHB Teh-huai Jiang 0-0: Called Strike
0-1: Ball
1-1: Called Strike
1-2: Foul Ball, location: 2F
1-2: Ball
2-2: Ball
3-2: Base on Balls
Batting: LHB Quincy Smart 0-0: SINGLE (Groundball, 34D, EV 106.2 MPH)
Teh-huai Jiang to second
Runner from 2nd tries for 3rd, SAFE, throw by RF made to third
Batting: RHB Dan Shaffer 0-0: Ball
Quincy Smart steals 2nd base
1-0: Called Strike
1-1: Called Strike
1-2: Fly out, F4 (Popup, 3S, EV 82.5 MPH)
Batting: LHB Jean-Claude Vanbiesbrouck 0-0: Foul Ball, location: 2F
0-1: Ball
1-1: Called Strike
1-2: Foul Ball, location: 2F
1-2: Ball
2-2: Ball
Wild Pitch!
Teh-huai Jiang scores
Quincy Smart to third
3-2: Strikes out swinging
Bottom of the 3rd over - 3 runs, 2 hits, 0 errors, 1 left on base; Windy City 3 - York 6
TOP OF THE 4TH
Windy City ThunderBolts batting - Pitching for York Revolution : RHP Joe Morse
Batting: RHB Paul Holland 0-0: Ball
1-0: Ball
2-0: Fly out, F8 (Flyball, 78D, EV 93.8 MPH)
Batting: RHB Miguel Pacheco 0-0: Foul Ball, location: 2F
0-1: Ball
1-1: Foul Ball, location: 2F
1-2: Fly out, F8 (Flyball, 89D, EV 99.4 MPH)
Batting: RHB Dave Dominguez 0-0: Swinging Strike
0-1: Swinging Strike
0-2: Strikes out swinging
Top of the 4th over - 0 runs, 0 hits, 0 errors, 0 left on base; Windy City 3 - York 6
BOTTOM OF THE 4TH
York Revolution batting - Pitching for Windy City ThunderBolts : RHP Chang-wei Quian
Batting: LHB Ryan Young 0-0: Foul Ball, location: 2F
0-1: Ball
1-1: Fly out, F8 (Flyball, 8LXD, EV 101.9 MPH)
Batting: LHB Mike Hawk 0-0: Ball
1-0: Ball
2-0: Ball
3-0: Called Strike
3-1: Swinging Strike
3-2: Strikes out swinging
Batting: LHB Jason Duda 0-0: DOUBLE (Groundball, 3L, EV 100.6 MPH)
Pitching: RHP Jeremy Brown
Batting: RHB Juan Gonzalez 0-0: Ball
1-0: Ground out 6-3 (Groundball, 6M, EV 106.2 MPH)
Bottom of the 4th over - 0 runs, 1 hit, 0 errors, 1 left on base; Windy City 3 - York 6
TOP OF THE 5TH
Windy City ThunderBolts batting - Pitching for York Revolution : RHP Joe Morse
Batting: RHB Klaus Brown 0-0: Called Strike
0-1: Foul Ball, location: 2F
0-2: Foul Ball, location: 2F
0-2: Strikes out swinging, 2-3 out at first.
Batting: RHB Sim Damit 0-0: Called Strike
0-1: SINGLE (Line Drive, 4M, EV 108.8 MPH)
Batting: RHB Joe Thomas 0-0: Ball
1-0: Ball
2-0: Called Strike
2-1: Ball
3-1: Fielders Choice at 2nd, 3-6 (Groundball, 3, EV 107.5 MPH)
Batting: RHB Eddie Dimas 0-0: Called Strike
0-1: Called Strike
0-2: Strikes out swinging
Top of the 5th over - 0 runs, 1 hit, 0 errors, 1 left on base; Windy City 3 - York 6
BOTTOM OF THE 5TH
York Revolution batting - Pitching for Windy City ThunderBolts : RHP Jeremy Brown
Batting: RHB Nick Maxwell 0-0: Ball
1-0: Called Strike
1-1: Fly out, F8 (Flyball, 89M, EV 97.5 MPH)
Batting: RHB Teh-huai Jiang 0-0: Called Strike
0-1: Foul Ball, location: 2F
0-2: Ball
1-2: Strikes out swinging
Batting: LHB Quincy Smart 0-0: Foul Ball, location: 2F
0-1: SINGLE (Line Drive, 3L, EV 96.2 MPH)
Batting: RHB Dan Shaffer 0-0: Ball
Quincy Smart steals 2nd base
1-0: Ball
2-0: Called Strike
2-1: Ball
3-1: Fly out, F4 (Popup, 4D, EV 48.1 MPH)
Bottom of the 5th over - 0 runs, 1 hit, 0 errors, 1 left on base; Windy City 3 - York 6
TOP OF THE 6TH
Windy City ThunderBolts batting - Pitching for York Revolution : RHP Joe Morse
Batting: SHB Danny Gallegos 0-0: Ball
1-0: Ball
2-0: Ball
3-0: Called Strike
3-1: Called Strike
3-2: Strikes out swinging
Batting: RHB Kaoru Hamada 0-0: Ball
1-0: Swinging Strike
1-1: Called Strike
1-2: Foul Ball, location: 2F
1-2: Foul Ball, location: 2F
1-2: Ball
2-2: Strikes out swinging
Batting: RHB Paul Holland 0-0: Called Strike
0-1: Foul Ball, location: 2F
0-2: Foul Ball, location: 2F
0-2: Strikes out looking
Top of the 6th over - 0 runs, 0 hits, 0 errors, 0 left on base; Windy City 3 - York 6
BOTTOM OF THE 6TH
York Revolution batting - Pitching for Windy City ThunderBolts : RHP Jeremy Brown
Batting: LHB Jean-Claude Vanbiesbrouck 0-0: Ball
1-0: Foul Ball, location: 2F
1-1: Ground out 2-3 (Groundball, 13S, EV 63.1 MPH)
Batting: LHB Ryan Young 0-0: Ball
1-0: Foul Ball, location: 2F
1-1: Ball
2-1: Ball
3-1: SINGLE (Groundball, 56D, EV 108.1 MPH)
Batting: LHB Mike Hawk 0-0: Ball
1-0: Ball
2-0: Fly out, F2 (Popup, 5SF, EV 73.8 MPH)
Batting: LHB Jason Duda 0-0: Called Strike
Ryan Young steals 2nd base
0-1: Swinging Strike
0-2: Ball
1-2: Strikes out looking
Bottom of the 6th over - 0 runs, 1 hit, 0 errors, 1 left on base; Windy City 3 - York 6
TOP OF THE 7TH
Windy City ThunderBolts batting - Pitching for York Revolution : RHP Joe Morse
Pitching: RHP John Kerfoot
Pinch Hitting: RHB Ricky Avila 0-0: Ball
1-0: Foul Ball, location: 2F
1-1: Foul Ball, location: 2F
1-2: Foul Ball, location: 2F
1-2: Strikes out swinging
Batting: RHB Dave Dominguez 0-0: Ball
1-0: Ground out 6-3 (Groundball, 6, EV 80.6 MPH)
Batting: RHB Klaus Brown 0-0: Ball
1-0: Foul Ball, location: 2F
1-1: Ball
2-1: Ground out 4-3 (Groundball, 34, EV 96.9 MPH)
Top of the 7th over - 0 runs, 0 hits, 0 errors, 0 left on base; Windy City 3 - York 6
BOTTOM OF THE 7TH
York Revolution batting - Pitching for Windy City ThunderBolts : RHP Jeremy Brown
Now at 1B: Donovan Deason
Batting: RHB Juan Gonzalez 0-0: Fly out, F8 (Line Drive, 8LD, EV 108.8 MPH)
Batting: RHB Nick Maxwell 0-0: Called Strike
0-1: Ball
1-1: Ball
2-1: Foul Ball, location: 2F
2-2: DOUBLE (Flyball, 78D, EV 89.4 MPH)
Batting: RHB Teh-huai Jiang 0-0: Ball
1-0: Foul Ball, location: 2F
1-1: Foul Ball, location: 2F
1-2: 2-RUN HOME RUN (Flyball, 78XD, EV 108.1 MPH), Distance : 403 ft
Batting: LHB Quincy Smart 0-0: Ball
1-0: Hit by Pitch, AND HE CHARGES THE MOUND! The benches clear!
Pitching: LHP Tyler Thackeray
Pinch Runner at 1st Sam Fredrick:
Batting: RHB Dan Shaffer 0-0: Ball
1-0: Ball
2-0: Called Strike
2-1: Foul Ball, location: 2F
2-2: Ball
3-2: Base on Balls
Sam Fredrick to second
Batting: LHB Jean-Claude Vanbiesbrouck 0-0: Called Strike
0-1: Foul Ball, location: 2F
0-2: Strikes out looking
Batting: LHB Ryan Young 0-0: Ground out 4-3 (Groundball, 4, EV 103.1 MPH)
Bottom of the 7th over - 2 runs, 2 hits, 0 errors, 2 left on base; Windy City 3 - York 8
TOP OF THE 8TH
Windy City ThunderBolts batting - Pitching for York Revolution : RHP John Kerfoot
Now at 2B: Eddie Serna
Pinch Hitting: RHB Nhat Phong 0-0: Ball
1-0: Ball
2-0: Swinging Strike
2-1: Ball
3-1: Swinging Strike
3-2: Strikes out looking
Batting: RHB Joe Thomas 0-0: Fly out, F8 (Flyball, 8RM, EV 96.9 MPH)
Batting: RHB Eddie Dimas 0-0: Ball
1-0: Foul Ball, location: 2F
1-1: Foul Ball, location: 2F
1-2: Foul Ball, location: 2F
1-2: Ball
2-2: Ball
3-2: Fly out, F9 (Line Drive, 89M, EV 93.1 MPH)
Top of the 8th over - 0 runs, 0 hits, 0 errors, 0 left on base; Windy City 3 - York 8
BOTTOM OF THE 8TH
York Revolution batting - Pitching for Windy City ThunderBolts : LHP Tyler Thackeray
Now at 2B: Joe Thomas
Now at 3B: Nhat Phong
Now at SS: Danny Gallegos
Batting: LHB Mike Hawk 0-0: Ball
1-0: SOLO HOME RUN (Flyball, 9LD, EV 96.9 MPH), Distance : 338 ft
Batting: LHB Jason Duda 0-0: Called Strike
0-1: Ground out U3 (Groundball, 3, EV 90.6 MPH)
Batting: RHB Juan Gonzalez 0-0: Ball
1-0: Called Strike
1-1: Swinging Strike
1-2: Hit by Pitch
Batting: RHB Nick Maxwell 0-0: Called Strike
0-1: Ball
1-1: Ball
2-1: Foul Ball, location: 2F
2-2: Foul Ball, location: 2F
2-2: Fly out, F8 (Flyball, 89M, EV 91.9 MPH)
Batting: RHB Teh-huai Jiang 0-0: SINGLE (Groundball, 56, EV 108.8 MPH) (infield hit)
Juan Gonzalez to second
Batting: RHB Eddie Serna 0-0: Ball
1-0: Ball
2-0: Swinging Strike
2-1: Foul Ball, location: 2F
2-2: Foul Ball, location: 2F
2-2: Foul Ball, location: 2F
2-2: Ball
Wild Pitch!
Juan Gonzalez to third
Teh-huai Jiang to second
3-2: Foul Ball, location: 2F
3-2: Base on Balls
Pitching: RHP Fred George
Batting: LHB Jessie Whedbee 0-0: Called Strike
0-1: Ball
1-1: Ball
2-1: Ball
3-1: Foul Ball, location: 2F
3-2: Foul Ball, location: 2F
3-2: Foul Ball, location: 2F
3-2: Ground out 5-3 (Groundball, 56, EV 80.0 MPH)
Bottom of the 8th over - 1 run, 2 hits, 0 errors, 3 left on base; Windy City 3 - York 9
TOP OF THE 9TH
Windy City ThunderBolts batting - Pitching for York Revolution : RHP John Kerfoot
Batting: SHB Danny Gallegos 0-0: Swinging Strike
0-1: Called Strike
0-2: Foul Ball, location: 2F
0-2: Foul Ball, location: 2F
0-2: Ball
1-2: Strikes out swinging
Batting: RHB Kaoru Hamada 0-0: Swinging Strike
0-1: Ball
1-1: Ball
2-1: Ground out 5-3 (Groundball, 5S, EV 66.2 MPH)
Batting: RHB Paul Holland 0-0: Ball
1-0: Ground out 6-3 (Groundball, 6, EV 101.9 MPH)
Top of the 9th over - 0 runs, 0 hits, 0 errors, 0 left on base; Windy City 3 - York 9
Tuesday, March 28th , 2023 - OOTP Baseball 23.10 Build 110